 Dungeon Crawl Stone Soup version 0.31-a0-986-g5e6e4ef867 (webtiles) character file.

Game seed: 10129080501375942894

214 gelatine the Chopper (level 5, -1/38 (42) HPs)
             Began as a Demonspawn Fighter on Nov 15, 2023.
             Slain by a wight
             ... wielding a +2 battleaxe
              (2 damage)
             ... on level 3 of the Dungeon.
             The game lasted 00:03:36 (1972 turns).

gelatine the Chopper (Demonspawn Fighter)           Turns: 1972, Time: 00:03:38

HP:   -1/38 (42)    AC: 10    Str: 18    XL:     5   Next: 60%
MP:   5/5           EV:  9    Int:  9    God:
Gold: 109           SH:  4    Dex: 13    Spells: 4/4 levels left

rFire   . . .        h - +2 war axe (freeze)
rCold   + . .        c - +0 buckler
rNeg    . . .        j - +0 scale mail {rC+}
rPois   .            b - +0 helmet
rElec   .            (no cloak)
rCorr   .            (no gloves)
SInv    .            (no boots)
Will    .....        (no amulet) Stlth
                     (no ring)
HPRegen 0.26/turn    (no ring)
MPRegen 0.18/turn

%: no passive effects
@: mighty, drained
A: thin metallic scales 1, magic regeneration, weakness stinger 1
a: no special abilities


You were on level 3 of the Dungeon.
You visited 1 branch of the dungeon, and saw 3 of its levels.

You collected 109 gold pieces.

Inventory:

Hand Weapons
 a - a +0 war axe
 h - a +2 war axe of freezing (weapon)
Missiles
 i - 24 stones (quivered)
Armour
 b - a +0 helmet (worn)
 c - a +0 buckler (worn)
 g - the +1 leather armour of Hunomain {rElec rN+ Str-5 SInv}
   (You found it on level 2 of the Dungeon)

   Str-5:     It affects your strength (-5).
   rElec:     It insulates you from electricity.
   rN+:       It protects you from negative energy.
   SInv:      It lets you see invisible.
 j - a +0 scale mail of cold resistance (worn)
Scrolls
 l - a scroll of teleportation
 m - a scroll of amnesia {unknown}
Potions
 e - 3 potions of curing {unknown}
 f - a potion of resistance
 k - 2 potions of heal wounds {unknown}


   Skills:
 + Level 3.7 Fighting
 + Level 3.8 Axes
 + Level 0.1 Throwing
 + Level 3.6 Armour
 + Level 0.2 Dodging
 + Level 3.3 Shields


You had 4 spell levels left.
You didn't know any spells.
Your spell library was empty.

Dungeon Overview and Level Annotations

Branches:
Dungeon (3/15)

Altars:


Innate Abilities, Weirdness & Mutations

You are partially covered in thin metallic scales. (AC +2)
You regenerate magic rapidly.
You have a small tail.


Message History

You destroy the wight!
Your life force feels restored.
Things that are here:
a +2 dagger; a +0 robe A wight comes into view.
It is wielding a +4 short sword.
You throw a stone. The stone hits the wight.
The wight is lightly damaged.
A wight comes into view. It is wielding a +2 battleaxe.
You throw a stone.
The stone hits the wight but does no damage.
The wight is lightly damaged.
You block the wight's attack.
You throw a stone. The stone closely misses the wight.
The wight hits you with a +4 short sword.
You hit the wight but do no damage.
The wight is lightly damaged.
The wight hits you with a +4 short sword.
You feel drained.
You hit the wight.
Your tail-slap misses the wight.
The wight is heavily damaged.
The wight hits you but does no damage.
The wight hits you with a +4 short sword.
You closely miss the wight. You tail-slap the wight.
The wight is heavily damaged.
The wight hits you with a +4 short sword.
You feel drained.
You hit the wight. You tail-slap the wight.
The wight is almost destroyed.
The wight hits you with a +4 short sword!
* * * LOW HITPOINT WARNING * * *
You feel drained.
* * * LOW HITPOINT WARNING * * *
You closely miss the wight.
The wight is almost destroyed.
You block the wight's attack. The wight barely misses you.
You feel very mighty all of a sudden. The wight hits you with a +2 battleaxe.
* * * LOW HITPOINT WARNING * * *
You feel drained.
You die...

### # ..# ### #.# #..
#### #.# #.# ..# #.# #.#
#.# #.# #.#####
##.####.## #####......
#...##z..#####.....#####
#.)...z@.†.[.....#†# #
.........##.....###...#.#
###.#.#####...#.# #####.#
# #. #.....#######.#####
# #.................##
#........©..........
#..#############..##
#..#....?$...z #..## #..
....... #..#


You could see 2 wights.

Vanquished Creatures
  A wight (D:3)
  Terence (D:2)
  6 gnolls (D:2)
  3 adders
  A worm (D:2)
  3 dart slugs
  2 ball pythons
  5 endoplasms
  3 giant cockroaches
  A goblin (D:1)
  6 hobgoblins
  3 kobolds
  3 quokkas
  3 bats
  3 frilled lizards
  6 rats
50 creatures vanquished.

Notes
Turn   | Place    | Note
-------+----------+-------------------------------------------
     0 | D:1      | gelatine the Demonspawn Fighter began the quest for the
                  | Orb.
     0 | D:1      | Reached XP level 1. HP: 18/18 MP: 1/1
   300 | D:1      | Gained mutation: You are partially covered in thin metallic
                  | scales. (AC +2) [demonic ancestry]
   300 | D:1      | Reached XP level 2. HP: 24/24 MP: 2/2
   961 | D:2      | Noticed Terence
   976 | D:2      | Killed Terence
   977 | D:2      | Reached XP level 3. HP: 6/29 MP: 3/3
  1214 | D:2      | Identified the +1 leather armour of Hunomain {rElec rN+
                  | Str-5 SInv}
  1228 | D:2      | Gained mutation: You regenerate magic rapidly. [demonic
                  | ancestry]
  1228 | D:2      | Reached XP level 4. HP: 31/35 MP: 4/4
  1661 | D:2      | Gained mutation: You have a small tail. [demonic ancestry]
  1661 | D:2      | Reached XP level 5. HP: 25/41 MP: 5/5
  1972 | D:3      | HP: 1/39 [wight/+2 battleaxe (6)]
  1972 | D:3      | Slain by a wight

Illustrated notes

Levels and vault maps discovered:
D:1:      giann_forest_graveyard, layout_loops_corners, nrook_campfire
D:2:      layout_loops_ring, uniq_terence
D:3:      layout_loops_ring, nicolae_qazlal_beasts_of_the_sky,
          gammafunk_ghost_mausoleum, lemuel_flame_loot_1

Skill      XL: |  1  2  3  4 |
---------------+-------------+-----
Armour         | 3 |  3.6
Axes           | 2 3 |  3.8
Shields        | 3 |  3.3
Fighting       | |  3.7
Throwing       | |  0.1
Dodging        | |  0.2

Action                     |  1- 3 |  4- 6 || total
---------------------------+-------+-------++-------
  Melee: War axe           |    77 |    66 ||   143
         Tailslap          |       |     2 ||     2
  Throw: Stone             |     3 |     7 ||    10
    Use: Scroll            |     1 |     2 ||     3
         Potion            |       |     1 ||     1
 Armour: Scale mail        |    56 |    45 ||   101
  Dodge: Dodged            |    33 |    27 ||    60
  Block: Buckler           |    11 |     7 ||    18

Table legend: (Time is in decaauts)
 A = Elapsed time spent in this place.
 B = Non-inter-level travel time spent in this place.
 C = Inter-level travel time spent in this place.
 D = Time resting spent in this place.
 E = Time spent auto-exploring this place.
 F = Levels seen in this place.
 G = Mean time per level.
                   A        B        C        D        E       F      G
               +--------+--------+--------+--------+--------+-----+--------+
         Total |   2030 |   1940 |     90 |      0 |   1465 |   3 |  676.7 |
       Dungeon |   2030 |   1940 |     90 |      0 |   1465 |   3 |  676.7 |
               +--------+--------+--------+--------+--------+-----+--------+

Top non-repeatable levels by time:
     D:2: 994 daAuts
     D:1: 888 daAuts
     D:3: 146 daAuts
